 Dungeon Crawl Stone Soup version 0.26-a0-664-gc8b27b8fc1 (webtiles) character file.

Game seed: 9370863699302301111

22 PentaManta the Ducker (level 2, -3/16 HPs)
             Began as a Spriggan Abyssal Knight on Oct 13, 2020.
             Was a Follower of Lugonu.
             Killed themself with a badly aimed fireball (12 damage)
             ... on level 2 of the Dungeon.
             The game lasted 00:03:38 (1568 turns).

PentaManta the Ducker (Spriggan Abyssal Knight)     Turns: 1568, Time: 00:03:40

Health: -3/16      AC:  2    Str:  8    XL:     2   Next: 68%
Magic:  4/4        EV: 19    Int: 13    God:    Lugonu [*.....]
Gold:   44         SH:  0    Dex: 15    Spells: 1/1 levels left

rFire    . . .     SeeInvis +   a - +1 short sword
rCold    . . .     Faith    .   (shield restricted)
rNeg     . . .     Spirit   .   b - +0 robe
rPois    .         Reflect  .   (helmet restricted)
rElec    .         Harm     .   (no cloak)
rCorr    .         Rampage  .   (gloves unavailable)
MR       .....                  (boots unavailable)
Stlth    ++........             g - amulet of regeneration
HPRegen  0.45/turn              (no ring)
MPRegen  0.09/turn              (no ring)

@: lethally poisoned (-3 -> -3), very quick
A: very small, unfitting armour, see invisible, speed 3
a: Depart the Abyss, Renounce Religion


You were on level 2 of the Dungeon.
You worshipped Lugonu.
Lugonu was aware of your devotion.
You visited 1 branch of the dungeon, and saw 2 of its levels.
You visited the Abyss 1 time.

You collected 44 gold pieces.

Inventory:

Hand Weapons
 a - a +1 short sword (weapon)
 i - a +0 hunting sling
Armour
 b - a +0 robe (worn)
Jewellery
 g - an amulet of regeneration (around neck)
Wands
 k - a wand of random effects (15)
Scrolls
 c - a scroll of remove curse {unknown}
 f - 2 scrolls of blinking {unknown}
Potions
 d - a potion of might {unknown}
 e - 2 potions of berserk rage {unknown}
 h - a potion of invisibility {unknown}
 j - a potion of magic {unknown}


   Skills:
 - Level 2.4 Fighting
 + Level 2.6 Short Blades
 * Level 4.4 Dodging
 + Level 1.7 Stealth
 - Level 1.7 Invocations


You had one spell level left.
You didn't know any spells.
Your spell library was empty.

Dungeon Overview and Level Annotations

Branches:
Dungeon (2/15)

Altars:


Innate Abilities, Weirdness & Mutations

You are very small and have problems with some larger weapons.
You are too small for most types of armour.
You have supernaturally acute eyesight. (SInv)
You cover ground extremely quickly.


Message History

The worker ant bites you.
Quiver which item? (- for none, * to show all) (? for menu, Esc to quit)
Okay, then.
Evoke which item? (* to show all) (? for menu, Esc to quit)
Aiming: Random Effects
Press: ? - help, Shift-Dir - straight line, f - worker ant
Aim: a worker ant (heavily wounded)
The bolt of negative energy misses the worker ant.
You feel sick.
The worker ant waves its antennae.
The worker ant misses you.
Evoke which item? (* to show all) (? for menu, Esc to quit)
Aiming: Random Effects
Press: ? - help, Shift-Dir - straight line, f/p - worker ant
Aim: a worker ant (heavily wounded)
The fireball explodes!
The fireball engulfs the worker ant.
The worker ant is severely wounded.
The fireball engulfs you!
Ouch! That really hurt!
You die...

#. #.####### #. ##'## #.
##...## #. ##.....##
####.######.......##
###.?......#.........###
#..........'<........'..
.#.#...##.#.........###
##.@##.##.......##
#..B##.###.....##
#........# ##.>.##
###.#.#### ##+## #.#.#
....# ##.###


You could see a worker ant.

Vanquished Creatures
  3 giant cockroaches
  3 goblins (D:1)
  3 hobgoblins
  3 kobolds (D:1)
  A ball python (D:1)
  4 bats (D:1)
  2 frilled lizards (D:1)
19 creatures vanquished.

Notes
Turn   | Place    | Note
-------+----------+-------------------------------------------
     0 | Abyss:1  | PentaManta the Spriggan Abyssal Knight began the quest for
                  | the Orb.
     0 | Abyss:1  | Reached XP level 1. HP: 11/11 MP: 3/3
    32 | Abyss:1  | Noticed a raiju
    36 | D:1      | Escaped the Abyss
   796 | D:1      | Reached skill level 1 in Stealth
   808 | D:1      | Reached skill level 4 in Dodging
   857 | D:1      | Reached XP level 2. HP: 9/16 MP: 4/4
  1112 | D:1      | Reached * piety under Lugonu
  1568 | D:2      | Killed themself with a badly aimed fireball

Illustrated notes

Levels and vault maps discovered:
D:1:      ebering_hopf_link, layout_loops_corners, grunt_decor_arrowhead
D:2:      layout_loops_corners

Skill      XL: |  1 |
---------------+----+-----
Stealth        | 1 |  1.7
Dodging        | 4 |  4.4
Fighting       | |  2.4
Short Blades   | |  2.6
Invocations    | |  1.7

Action                   || total
-------------------------++-------
Melee: Short sword       ||    91
Invok: Depart the Abyss  ||     1
Evoke: Wand              ||     1
 Stab: Sleeping          ||     1
Armor: Robe              ||     2
Dodge: Dodged            ||    92

Table legend: (Time is in decaauts)
 A = Elapsed time spent in this place.
 B = Non-inter-level travel time spent in this place.
 C = Inter-level travel time spent in this place.
 D = Time resting spent in this place.
 E = Time spent auto-exploring this place.
 F = Levels seen in this place.
 G = Mean time per level.
                   A        B        C        D        E       F      G
               +--------+--------+--------+--------+--------+-----+--------+
         Total |   1136 |   1092 |     44 |    230 |    540 |   3 |  378.7 |
       Dungeon |   1114 |   1070 |     44 |    230 |    540 |   2 |  557.0 |
         Abyss |     21 |     21 |      0 |      0 |      0 |   1 |   21.0 |
               +--------+--------+--------+--------+--------+-----+--------+

Top non-repeatable levels by time:
     D:1: 1054 daAuts
     D:2: 60 daAuts
 Abyss:1: 21 daAuts
